 Dungeon Crawl Stone Soup version 0.29-a0-350-g7790a0e70a (webtiles) character file.

Game seed: 16255938295373369540

144 spaghetti the Stinger (level 5, -3/31 HPs)
             Began as an Octopode Venom Mage on Apr 23, 2022.
             Was a Follower of Okawaru.
             Slain by an orc priest
             ... wielding a +0 trident
              (9 damage)
             ... on level 3 of the Dungeon.
             The game lasted 00:05:11 (3014 turns).

spaghetti the Stinger (Octopode Venom Mage)         Turns: 3014, Time: 00:05:12

Health: -3/31      AC:  1    Str:  7    XL:     5   Next: 27%
Magic:  7/9        EV: 15    Int: 20    God:    Okawaru [*.....]
Gold:   122        SH:  0    Dex: 12    Spells: 3/9 levels left

rFire   . . .      SeeInvis .   y - +2 spear (flame) {polearm}
rCold   + . .      Faith    .   (no shield)
rNeg    . . .      Spirit   .   (helmet restricted)
rPois   .          Reflect  .   (no amulet)
rElec   .          Harm     .   i - ring of protection from cold
rCorr   .          Rampage  .   (no ring)
Will    .....                   (no ring)
Stlth   +++++.....              (no ring)
HPRegen 0.10/turn               (no ring)
MPRegen 0.11/turn               (no ring)
                                (no ring)
                                (no ring)

@: heroic
A: almost no armour, amphibious, 8 rings, camouflage 1, gelatinous body 1,
(nimble swimmer 1), tentacles
a: Renounce Religion, Heroism


You were on level 3 of the Dungeon.
You worshipped Okawaru.
Okawaru was aware of your devotion.
You visited 1 branch of the dungeon, and saw 3 of its levels.

You collected 122 gold pieces.


Innate Abilities, Weirdness & Mutations

You cannot wear most types of armour.
You are amphibious.
You can wear up to eight rings at the same time.
Your skin changes colour to match your surroundings (Stealth+).
Your rubbery body absorbs attacks. (AC +1, EV +1)
((You are camouflaged when in or above water. (Stealth+)))
You have tentacles for arms and can constrict up to eight enemies at once.


   Skills:
 * Level 2.5(7.5) Dodging
 - Level 2.6(7.6) Stealth
 + Level 0.8(5.8) Unarmed Combat
 + Level 2.7 Spellcasting
 - Level 1.0 Transmutations
 - Level 6.0 Poison Magic


You had 3 spell levels left.
You knew the following spells:

 Your Spells              Type           Power      Damage    Failure   Level
a - Sting                 Tmut/Pois      64%        1d6       3%          1
b - Poisonous Vapours     Pois/Air       28%        N/A       6%          2
c - Mephitic Cloud        Conj/Pois/Air  10%        N/A       19%         3

Your spell library contained the following spells:

 Spells                   Type           Power      Damage    Failure   Level
 Olgreb's Toxic Radiance  Pois           26%        N/A       12%         4

Inventory:

Hand Weapons
 b - a +0 short sword {short}
   (You took it off a kobold on level 2 of the Dungeon)
 c - a +0 dagger {short}
   (You found it on level 1 of the Dungeon)
 g - a +0 club {mace}
   (You took it off a goblin on level 1 of the Dungeon)
 h - a +0 short sword {short}
   (You took it off a kobold on level 1 of the Dungeon)
 k - a +0 dagger {short}
   (You took it off a kobold on level 1 of the Dungeon)
 m - a +0 club {mace}
   (You found it on level 1 of the Dungeon)
 n - a +0 dagger {short}
   (You took it off a kobold on level 1 of the Dungeon)
 p - a +0 dagger {short}
   (You took it off a goblin on level 1 of the Dungeon)
 s - a +0 club {mace}
   (You took it off a goblin on level 2 of the Dungeon)
 t - a +0 whip {mace}
   (You took it off a kobold on level 2 of the Dungeon)
 u - a +0 club {mace}
   (You took it off a kobold on level 2 of the Dungeon)
 w - a +0 club {mace}
   (You took it off a goblin on level 2 of the Dungeon)
 x - a +0 club {mace}
   (You took it off a goblin on level 2 of the Dungeon)
 y - a +2 spear of flaming (weapon) {polearm}
   (You took it off a gnoll on level 2 of the Dungeon)
Missiles
 e - 72 stones {throwing}
 r - 9 poisoned darts {throwing}
 v - 5 javelins {throwing}
Jewellery
 i - a ring of protection from cold (left tentacle)
   (You found it on level 1 of the Dungeon)
Scrolls
 d - a scroll of holy word {unknown}
 f - a scroll of immolation {unknown}
 l - 2 scrolls of teleportation {unknown}
 o - 2 scrolls of identify {unknown}
Potions
 a - a potion of magic
 j - 2 potions of lignification {unknown}
 q - a potion of attraction {unknown}
 z - a potion of degeneration {unknown}

Dungeon Overview and Level Annotations

Branches:
Dungeon (3/15)

Altars:
Okawaru

Shops:
D:1

[
...............
...............
...............
...............
...............
...............
....!..<.......
#####..........
#.....o@###....
#.....o)# #..
..$...o.. .
..........
...........
...........#
............
...###.......


You could see an orc priest and 2 orcs.


Message History

Done exploring.
Done exploring.
Done exploring.
(D) Dungeon
Where to? (Enter - D:1, ? - help)
There is a stone staircase leading down here.
You climb downwards.
There is a stone staircase leading up here.
There are monsters nearby!
Unknown command.
There are monsters nearby!
You reach to attack!
The helpless rat fails to defend itself.
You hit the rat. You burn the rat.
You kill the rat!
Okawaru accepts your kill.
An orc priest comes into view. It is wielding a +0 trident.
The dart slug launches a dart at you. The slug dart misses you.
You reach to attack!
You hit the dart slug. You burn the dart slug.
You reach to attack!
You hit the dart slug. You burn the dart slug.
You kill the dart slug!
Okawaru accepts your kill.
The orc priest shouts!
You hear a shout!
An orc comes into view. It is wielding a +0 club.
You barely miss the orc.
The orc shouts!
Your grab misses the orc. You squeeze the orc. The orc closely misses you.
You barely miss the orc. You grab the orc. You constrict the orc.
An orc comes into view. It is wielding a +0 hand axe.
The orc hits you but does no damage.
You hit the orc. You burn the orc.
You kill the orc!
Okawaru accepts your kill.
An orc comes into view. It is wielding a +0 dagger.
You reach to attack!
The orc shouts!
You hit the orc priest. You burn the orc priest.
You hear an angry hiss.
The orc priest closely misses you.
You reach to attack!
You barely miss the orc priest.
The orc priest begins to cast a cantrip, but forgets the words!
You reach to attack!
You hit the orc priest but do no damage.
The orc priest completely misses you.
You completely miss the orc. Your grab misses the orc.
Your tentacle-slap misses the orc.
You squeeze the orc, but do no damage. The orc misses you.
The orc priest closely misses you. x2
The orc hits you with a +0 club. 😕 HP[-1]
You take 1 damage, and now have 30/31 hp.
You hit the orc. You burn the orc. Your grab misses the orc.
The orc priest looks braver for a moment.
The orc misses you.
You hit the orc. You burn the orc. You grab the orc. You squeeze the orc.
You constrict the orc, but do no damage.
The orc priest invokes the aid of Beogh against you.
Pain shoots through your body!
The orc escapes!
The orc hits you with a +0 hand axe.
* * * LOW HITPOINT WARNING * * *
You are too injured to fight recklessly!
You are too injured to fight recklessly! 😨 HP[-15]
You take 15 damage, and now have 15/31 hp.
MASSIVE DAMAGE!! (PAUSE)
You hit the orc. You burn the orc.
You kill the orc!
Okawaru accepts your kill.
The orc priest hits you from afar with a +0 trident.
* * * LOW HITPOINT WARNING * * *
The orc hits you with a +0 hand axe.
* * * LOW HITPOINT WARNING * * *
😱 HP[-8]
You take 8 damage, and now have 7/31 hp.
MASSIVE DAMAGE!! (PAUSE) Unknown command.
You gain the combat prowess of a mighty hero.
The orc hits you with a +0 hand axe.
* * * LOW HITPOINT WARNING * * *
The orc barely misses you.
The orc priest misses you. 😱 HP[-2] MP[-2]
You take 2 damage, and now have 5/31 hp.
You lost 2 mp, and now have 7/9 mp.
Unknown command.
You barely miss the orc. You grab the orc.
You constrict the orc, but do no damage.
The orc closely misses you.
The orc priest mumbles some strange prayers to Beogh against you.
You barely resist. The orc closely misses you. 😱 HP[+1]
You hit the orc. You burn the orc. You squeeze the orc. You constrict the orc.
The orc closely misses you. The orc completely misses you.
The orc priest completely misses you.
Reach: y) +2 spear (flame) {polearm}
Press: ? - help, Dir - move target, f/p - orc priest
Aim: an orc priest, wielding a +0 trident and wearing a +0 leather armour (lightly wounded, about 34% to evade your +2 spear of flaming)
You reach to attack!
You hit the orc priest. You burn the orc priest.
You constrict the orc, but do no damage.
The orc priest hits you from afar with a +0 trident!
You die...

Skill      XL: |  1  2  3  4 |
---------------+-------------+-----
Poison Magic   | 4 5 6 |  6.0
Dodging        | |  2.5
Stealth        | |  2.6
Unarmed Combat | |  0.8
Spellcasting   | |  2.7
Transmutations | |  1.0

Action                   |  1- 3 |  4- 6 || total
-------------------------+-------+-------++-------
Melee: Unarmed           |    25 |    18 ||    43
       Tentacles         |     7 |    10 ||    17
       Constrict         |     6 |    11 ||    17
       Spear             |       |    23 ||    23
 Cast: Sting             |    42 |    40 ||    82
       Mephitic Cloud    |       |     2 ||     2
Invok: Heroism           |       |     1 ||     1
  Use: Potion            |     1 |       ||     1
 Stab: Sleeping          |     1 |     1 ||     2
Armor: Skin              |     5 |     2 ||     7
Dodge: Dodged            |    16 |    32 ||    48

Levels and vault maps discovered:
D:1:      lemuel_arrival_room, layout_loops_ring, serial_shops, shop
D:2:      layout_loops_ring, hellmonk_ecumenical_altar_pennies_from_heaven,
          uniq_natasha
D:3:      layout_basic, grunt_ministairs_9

Notes
Turn   | Place    | Note
-------+----------+-------------------------------------------
     0 | D:1      | spaghetti the Octopode Venom Mage began the quest for the
                  | Orb.
     0 | D:1      | Reached XP level 1. HP: 11/11 MP: 3/3
     0 | D:1      | magus.rc [v1.9.6]
   119 | D:1      | Reached skill level 4 in Poison Magic
   239 | D:1      | Reached XP level 2. HP: 9/17 MP: 5/5
   859 | D:1      | Learned a level 2 spell: Poisonous Vapours
   949 | D:1      | Reached XP level 3. HP: 18/21 MP: 0/6
   953 | D:1      | Learned a level 3 spell: Mephitic Cloud
  1012 | D:1      | Reached skill level 5 in Poison Magic
  1092 | D:1      | Found Semisoro's Antique Armour Shoppe.
  1307 | D:2      | Noticed Natasha
  1316 | D:2      | HP: 5/21 [Natasha/magic dart (7)]
  1317 | D:2      | Killed Natasha
  1328 | D:2      | Reached XP level 4. HP: 14/27 MP: 0/7
  1630 | D:2      | Reached skill level 6 in Poison Magic
  2272 | D:2      | Found a faded altar of an unknown god.
  2285 | D:2      | Prayed at the altar of an unknown god.
  2285 | D:2      | Became a worshipper of Warmaster Okawaru
  2285 | D:2      | Reached * piety under Okawaru
  2643 | D:2      | Reached XP level 5. HP: 9/31 MP: 0/8
  3010 | D:3      | HP: 7/31 [orc/+0 hand axe (2)]
  3014 | D:3      | Slain by an orc priest

Vanquished Creatures
  Natasha (D:2)
  4 gnolls (D:2)
  An adder (D:2)
  4 worms (D:2)
  3 dart slugs
  2 orcs (D:3)
  2 endoplasms
  4 giant cockroaches
  5 goblins
  3 hobgoblins
  2 quokkas (D:1)
  6 ball pythons
  5 bats
  3 frilled lizards
  7 kobolds
  4 rats
56 creatures vanquished.

Table legend:
 A = Non-vault XP
 B = Vault XP
 C = Vault XP percentage of total XP
 D = Non-vault monster count
 E = Vault monster count
 F = Vault count percentage of total count
                 A         B        C        D         E       F
            +---------+---------+-------+---------+---------+-------
      Total |     172 |      35 |  16.9 |      55 |       1 |   1.8
            +---------+---------+-------+---------+---------+-------
        D:1 |      41 |       0 |   0.0 |      25 |       0 |   0.0
        D:2 |     120 |      35 |  22.6 |      26 |       1 |   3.7
        D:3 |      11 |       0 |   0.0 |       4 |       0 |   0.0
            +---------+---------+-------+---------+---------+-------

Illustrated notes

Table legend:
 A = Kills in this place as a percentage of kills in entire the game.
 B = Kills by you in this place as a percentage of kills by you in the entire game.
 C = Kills by friends in this place as a percentage of kills by friends in the entire game.
 D = Other kills in this place as a percentage of other kills in the entire game.
 E = Experience gained in this place as a percentage of experience gained in the entire game.
 F = Experience gained in this place divided by the number of levels of this place that you have seen.
                   A       B       C       D       E      F
               +-------+-------+-------+-------+-------+----------------------
         Total | 100.0 | 100.0 |   N/A |   N/A | 100.0 |  69.0
       Dungeon | 100.0 | 100.0 |   N/A |   N/A | 100.0 |  69.0
               +-------+-------+-------+-------+-------+----------------------

Table legend: (Time is in decaauts)
 A = Elapsed time spent in this place.
 B = Non-inter-level travel time spent in this place.
 C = Inter-level travel time spent in this place.
 D = Time resting spent in this place.
 E = Time spent auto-exploring this place.
 F = Levels seen in this place.
 G = Mean time per level.
                   A        B        C        D        E       F      G
               +--------+--------+--------+--------+--------+-----+--------+
         Total |   3015 |   2957 |     58 |    512 |   1980 |   3 | 1005.0 |
       Dungeon |   3015 |   2957 |     58 |    512 |   1980 |   3 | 1005.0 |
               +--------+--------+--------+--------+--------+-----+--------+

Top non-repeatable levels by time:
     D:2: 1553 daAuts
     D:1: 1442 daAuts
     D:3: 19 daAuts
